 Dungeon Crawl Stone Soup version 0.26.1-2-gb8aa6d0cf2 (webtiles) character file.

Game seed: 12135848222086652823

92 Gabide the Cudgeller (level 4, -7/35 HPs)
             Began as a Human Monk on Feb 19, 2021.
             Killed by divine providence
             ... invoked by an orc priest
              (12 damage)
             ... on level 3 of the Dungeon.
             The game lasted 00:04:41 (2454 turns).

Gabide the Cudgeller (Human Monk)                   Turns: 2454, Time: 00:04:42

Health: -7/35      AC:  7    Str: 11 (12) XL:     4   Next: 90%
Magic:  4/4        EV:  7    Int:  9 (10) God:
Gold:   45         SH:  7    Dex: 13 (16) Spells: 3/3 levels left

rFire    . . .     SeeInvis .   a - +0 mace
rCold    . . .     Faith    .   j - +0 kite shield
rNeg     . . .     Spirit   .   c - +0 scale mail
rPois    .         Reflect  .   (no helmet)
rElec    .         Harm     .   n - +0 cloak
rCorr    .         Rampage  .   (no gloves)
Will     +....                  (no boots)
Stlth    +.........             (no amulet)
HPRegen  0.11/turn              b - ring of willpower
MPRegen  0.09/turn              (no ring)

@: brilliant
A: no striking features
a: no special abilities


You were on level 3 of the Dungeon.
You visited 1 branch of the dungeon, and saw 3 of its levels.

You collected 45 gold pieces.

Inventory:

Hand Weapons
 a - a +0 mace (weapon)
 f - a +0 short sword of speed
Missiles
 l - 2 boomerangs (quivered)
Armour
 c - a +0 scale mail (worn)
 e - a +0 plate armour
 j - a +0 kite shield (worn)
 n - a +0 cloak (worn)
Jewellery
 b - a ring of willpower (left hand)
 k - a +4 ring of protection {unknown}
Scrolls
 g - 3 scrolls of fog {unknown}
 i - a scroll of remove curse
 m - a scroll of enchant armour {unknown}


   Skills:
 + Level 3.4 Fighting
 + Level 4.0 Maces & Flails
 + Level 1.2 Armour
 + Level 3.3 Dodging
 - Level 2.0 Stealth
 * Level 1.3 Shields


You had 3 spell levels left.
You didn't know any spells.
Your spell library was empty.

Dungeon Overview and Level Annotations

Branches:
Dungeon (3/15)

Altars:
Okawaru


Message History

The orc priest is lightly wounded.
An orc priest comes into view. It is wielding a -2 club.
The orc priest hits you but does no damage.
You sock the orc priest!
The orc priest is severely wounded.
An orc comes into view. It is wielding a +3 hand axe.
The orc priest calls down the wrath of Beogh upon you.
Beogh smites you!
* * * LOW HITPOINT WARNING * * *
The orc moves out of view.
You hear a shout!
It was a potion of brilliance.
You feel clever all of a sudden.
It was a potion of degeneration.
There was something very wrong with that liquid.
You feel weakened.
You feel dopey.
You feel clumsy.
You hit the orc but do no damage.
The orc priest calls down the wrath of Beogh upon you.
Beogh smites you!
You die...

........$...♣.♣.♣...
....o#.....♣.♣.♣.♣..
.........♣†♣._.♣.♣.
..........♣.♣.♣.♣..
###.......♣.♣.♣...
#...o....♣.♣.... #
#.o...#...♣...#.
#.####o###...........
#...@oo# ##..#####.##
######## #.## #.).
#.# #### #.# .. #


You could see 2 orc priests and 3 orcs.

Vanquished Creatures
  3 adders (D:2)
  3 worms
  A dart slug (D:1)
  A leopard gecko (D:1)
  4 bats
  2 giant cockroaches
  5 goblins
  4 hobgoblins
  3 jackals (D:2)
  A quokka (D:2)
  A ball python (D:1)
  15 frilled lizards
  9 kobolds
  6 rats
58 creatures vanquished.

Notes
Turn   | Place    | Note
-------+----------+-------------------------------------------
     0 | D:1      | Gabide the Human Monk began the quest for the Orb.
     0 | D:1      | Reached XP level 1. HP: 18/18 MP: 1/1
   242 | D:1      | Reached XP level 2. HP: 22/24 MP: 2/2
   784 | D:1      | Reached XP level 3. HP: 29/29 MP: 3/3
  1556 | D:2      | Reached skill level 1 in Armour
  1556 | D:2      | Reached XP level 4. HP: 23/35 MP: 4/4
  1881 | D:2      | Reached skill level 1 in Shields
  2387 | D:3      | Found an iron altar of Okawaru.
  2418 | D:3      | Reached skill level 4 in Maces & Flails
  2454 | D:3      | Killed from afar by an orc priest

Illustrated notes

Levels and vault maps discovered:
D:1:      tarquinn_simple_flora_water_b, layout_basic, minmay_tree_intersection,
          chequers_serial_rivers_micro_c
D:2:      layout_loops_ring, st_stairs_8, serial_bayou_pond_c,
          minmay_lizard_pond
D:3:      layout_basic, kennysheep_slug_shrine, okawaru_trees_2,
          old_standard_altar, marbit_many_paths

Skill      XL: |  1  2  3  4 |
---------------+-------------+-----
Armour         | 1 |  1.2
Shields        | 1 |  1.3
Maces & Flails | 4 |  4.0
Fighting       | |  3.4
Dodging        | |  3.3
Stealth        | |  2.0

Action                   |  1- 3 |  4- 6 || total
-------------------------+-------+-------++-------
Melee: Mace              |   157 |    77 ||   234
Throw: Boomerang         |       |     2 ||     2
  Use: Scroll            |     4 |       ||     4
       Potion            |       |     2 ||     2
Armor: Scale mail        |    81 |    41 ||   122
       Robe              |     1 |       ||     1
Dodge: Dodged            |    92 |    27 ||   119
Block: Kite shield       |    24 |    30 ||    54
